cohdb
Replays
Latest Replays
All Replays
Popular Replays
Top Player Replays
Match Explorer
How It Works
Community
CoH3 Stats
Reddit
Sign in to upload your games and track your stats! →
Sign in with Steam
Match 46570764
Unlisted
Match 46570764
Overview
Messages
Build Orders
End
Scout Squad
Construct Weapon Support Center
Selects Heavy Weapons
M1919 Machine Gun Team
Bazooka Squad
Construct Barracks
Riflemen Squad
Infantry Support Center
Riflemen Squad
Selects Assault Carriers
M3 Assault Carrier
M3 Assault Carrier
Engineer Squad
Shinkou
rocketpossum
0
0
Comments
sign in to comment!
No comments posted yet!